 Dungeon Crawl Stone Soup version 0.17-a0-1324-ga541562 (webtiles) character file.

27342 xgamer67 the Bludgeoner (level 13, 0/96 HPs)
             Began as a Formicid Abyssal Knight on June 9, 2015.
             Was a High Priest of Lugonu.
             Killed by a spatial distortion (3 damage)
             ... on level 6 of the Lair of Beasts.
             The game lasted 01:23:01 (21109 turns).

xgamer67 the Bludgeoner (Formicid Abyssal Knight)  Turns: 21109, Time: 01:23:01

Health: 0/96       AC:  0    Str: 21    XL:     13   Next: 65%
Magic:  16/21      EV: 17    Int: 12    God:    Lugonu [*****.]
Gold:   199        SH:  0    Dex: 11    Spells: 1 memorised, 11 levels left

rFire  . . .     SeeInvis .     (weapon currently unavailable)
rCold  . . .     Clarity  .     (armour currently unavailable)
rNeg   + . .     SustAt   .     (shield currently unavailable)
rPois  .         Gourm    .     (helmet unavailable)
rElec  .         Spirit   .     (cloak currently unavailable)
rCorr  .         Warding  +     (gloves currently unavailable)
rMut   .         Stasis   +     (boots currently unavailable)
MR     +....                    s - amulet of warding
Stlth  +.........               (ring currently unavailable)
                                (ring currently unavailable)

@: pig-form, glowing, very quick, somewhat resistant to hostile enchantments,
very unstealthy
A: permanent stasis, dig shafts and tunnels, four strong arms, (antennae 0)
a: Dig, Shaft Self, Depart the Abyss, Bend Space, Banish, Corrupt, Enter the
Abyss, Renounce Religion


You were on level 6 of the Lair of Beasts.
You worshipped Lugonu.
Lugonu was extremely pleased with you.
You were very hungry.
You were a filthy swine.
You visited 2 branches of the dungeon, and saw 15 of its levels.
You visited the Abyss 1 time.

You collected 739 gold pieces.
You spent 540 gold pieces at shops.

Inventory:

Hand weapons
 a - a +1 morningstar (melded)
 S - the +1 lajatang "Jaeph" {freeze, rPois}
   (You bought it in a shop on level 5 of the Dungeon)

   It has been specially enchanted to freeze those struck by it, causing extra
   injury to most foes and up to half again as much damage against particularly
   susceptible opponents.
   It can also slow down cold-blooded creatures.
   It protects you from poison.
Missiles
 m - 24 poisoned needles
 v - 5 tomahawks
 N - 3 poisoned javelins (quivered)
Armour
 f - a +1 pair of gloves (melded)
 j - a +0 cloak (melded)
 t - a +0 pair of boots (melded)
 z - a +0 buckler (melded)
 G - a +0 fire dragon armour (melded)
Jewellery
 g - an uncursed ring of positive energy
 s - an amulet of warding (around neck)
 E - a ring of magical power (melded)
 H - a ring of ice (melded)
 O - an uncursed ring of sustain attributes
Magical devices
 n - a wand of fireball (7)
 r - a wand of teleportation (3)
 D - a wand of paralysis (0)
 F - a wand of disintegration (10)
 I - a wand of polymorph (5)
 K - a wand of draining (1)
Scrolls
 o - 4 scrolls of magic mapping
 p - a scroll of vulnerability {unknown}
 u - a scroll of enchant weapon
 y - a scroll of amnesia {unknown}
 B - a scroll of fog
 J - a scroll of brand weapon {unknown}
 M - a scroll of summoning {unknown}
Potions
 b - 2 potions of heal wounds
 k - 6 potions of brilliance
 l - 2 potions of might
 q - 2 potions of flight
 x - 3 potions of cancellation
 A - a potion of magic
 R - a potion of curing
Books
 d - a book of Frost

   Spells                             Type                      Level
   a - Freeze                         Ice                          1
   b - Throw Frost                    Conjuration/Ice              2
   c - Ozocubu's Armour               Charms/Ice                   3
   d - Throw Icicle                   Conjuration/Ice              4
   e - Summon Ice Beast               Ice/Summoning                4
   f - Condensation Shield            Ice                          4
 e - a book of Beasts

   Spells                             Type                      Level
   a - Summon Butterflies             Summoning                    1
   b - Call Canine Familiar           Summoning                    3
   c - Summon Ice Beast               Ice/Summoning                4
   d - Summon Mana Viper              Hexes/Summoning              5
   e - Summon Hydra                   Summoning                    7
 C - a book of the Dragon

   Spells                             Type                      Level
   a - Flame Tongue                   Conjuration/Fire             1
   b - Cause Fear                     Hexes                        4
   c - Bolt of Fire                   Conjuration/Fire             6
   d - Dragon Form                    Transmutation                7
   e - Dragon's Call                  Summoning                    9
Miscellaneous
 L - a phial of floods
Comestibles
 c - 13 bread rations
 h - 15 royal jellies
 i - 9 meat rations
 w - 2 slices of pizza
 P - 5 fruits
 Q - a beef jerky


   Skills:
 - Level 7.0 Fighting
 + Level 15.3 Maces & Flails
 - Level 7.0 Armour
 - Level 7.0 Dodging
 - Level 7.0 Shields
 - Level 11.0 Invocations


You had 11 spell levels left.
You knew the following spells:

 Your Spells              Type           Power        Failure   Level  Hunger
a - Summon Butterflies    Summ           #.......     34%         1    ##.....


Dungeon Overview and Level Annotations

Branches:
Dungeon (9/15)             Temple (0/1) D:7            Lair (6/8) D:9
  Swamp (0/4) Lair:3       Spider (0/4) Lair:4
  Slime: Lair:6-8       Orc: D:9-12

Altars:
Cheibriados
Kikubaaqudgha
Zin

Shops:
D:5 (   D:9 :

Annotations:
Lair:5 Kirke
Abyss:1 Gastronok, Menkaure, Prince Ribbit, Psyche, Snorg, Sonja, Urug


Innate Abilities, Weirdness & Mutations

You are under a permanent stasis effect.
You can dig through walls and to a lower floor.
Your four strong arms can wield two-handed weapons with a shield.
((You have a pair of large antennae on your head (SInv).))


Message History

The elephant trumpets!
Found a stone staircase leading up.
You see here 15 gold pieces.
The adder bites you.
* * * LOW HITPOINT WARNING * * *
2 elephants come into view.
The elephant trumpets!
The elephant moves out of view.
The adder barely misses you. 2 adders come into view.
Found 23 gold pieces, 16 stones and a potion of cancellation.
The adder bites you.
* * * LOW HITPOINT WARNING * * *
The adder bites you.
* * * LOW HITPOINT WARNING * * *
The elephant tramples you!!
* * * LOW HITPOINT WARNING * * *
You stumble backwards!
Use which ability? (? or * to list) Space bends around you!
You blink.
You die...

......S.S..............
........[...............
.(.....P............$...
....................l...
.......P................
.$.....Y........##......
...P....#....PP###......
......Y#Y...#####....$..
#......h#.t..###..%#....
#!...<..#t.l....#..#....
...P....S.$............(
P....#.§S..S....#......#
....#....(P...........##
.#..#P.........##P..P.P#
#.. ##......#.###PP..P.P
.. #.##.....## .P..P##
## ......# ...P#


You could see 2 elephants and 2 adders.

Vanquished Creatures
  4 elephants (Lair:5)
  Maurice (D:9)
  A torpor snail (Lair:5)
  3 spiny frogs
  4 komodo dragons
  2 fire drakes
  A jumping spider (Lair:4)
  21 blink frogs
  2 redbacks (Lair:4)
  25 yaks
  4 hippogriffs
  2 deep elf magi (D:9)
  3 hogs (Lair:5)
  A basilisk (Lair:3)
  A wyvern (Lair:5)
  7 wolves
  10 water moccasins
  9 porcupines
  2 black bears
  3 ice beasts
  3 orc warriors (D:8)
  2 sky beasts
  A centaur (D:5)
  A phantom (D:4)
  9 crocodiles
  A necrophage (D:7)
  17 giant frogs
  A big kobold (D:8)
  A scorpion (D:9)
  3 wights (D:9)
  25 killer bees (Lair:1)
  A quasit (D:8)
  A centaur zombie (D:6)
  2 giant frog skeletons
  A giant frog zombie (D:9)
  A gnoll shaman (D:9)
  3 crimson imps
  Crazy Yiuf (D:3)
  5 orc priests
  7 hounds
  2 jellies (D:9)
  8 worker ants
  6 iguanas
  11 orc wizards
  A hound zombie (D:7)
  A worker ant zombie (D:5)
  Robin (D:4)
  6 gnolls
  11 adders
  41 river rats
  A shadow imp (D:8)
  3 oozes
  2 adder skeletons (D:9)
  An adder zombie (D:6)
  A worm (D:4)
  3 giant geckos
  38 orcs
  2 bat skeletons
  8 giant cockroaches
  26 goblins
  19 hobgoblins
  9 jackals
  3 quokkas
  6 ball pythons
  14 bats
  A giant gecko skeleton (D:7)
  5 giant newts
  19 kobolds
  13 rats
  A plant (Lair:1)
455 creatures vanquished.

Vanquished Creatures (others)
  A hydra (Lair:1)
  A swamp dragon (Lair:3)
  2 spiny frogs
  3 black mambas
  3 komodo dragons (Lair:1)
  A queen bee (Lair:1)
  A blink frog (Lair:3)
  An orc (D:9)
  3 fungi
  2 plants (Lair:6)
18 creatures vanquished.

Grand Total: 473 creatures vanquished

Notes
Turn   | Place    | Note
--------------------------------------------------------------
     0 | Abyss:1  | xgamer67 the Formicid Abyssal Knight began the quest for the Orb.
     0 | Abyss:1  | Reached XP level 1. HP: 18/18 MP: 2/2
     0 | D:1      | Escaped the Abyss
    45 | D:1      | Acquired Lugonu's first power
    45 | D:1      | Reached XP level 2. HP: 13/24 MP: 3/3
   395 | D:1      | Reached XP level 3. HP: 29/29 MP: 4/4
   886 | D:2      | Found an ancient bone altar of Kikubaaqudgha.
  1118 | D:2      | Reached skill level 4 in Maces & Flails
  1118 | D:2      | Reached XP level 4. HP: 35/35 MP: 5/5
  1371 | D:2      | Acquired Lugonu's second power
  1971 | D:2      | Reached XP level 5. HP: 32/41 MP: 6/6
  2285 | D:3      | Reached skill level 5 in Maces & Flails
  2974 | D:3      | Noticed Crazy Yiuf
  2979 | D:3      | Killed Crazy Yiuf
  3369 | D:3      | Reached XP level 6. HP: 47/47 MP: 7/7
  3554 | D:4      | Noticed Robin
  3843 | D:4      | Killed Robin
  3883 | D:4      | Reached skill level 6 in Maces & Flails
  3903 | D:4      | Acquired Lugonu's third power
  4313 | D:4      | Reached skill level 7 in Maces & Flails
  4313 | D:4      | Reached XP level 7. HP: 34/52 MP: 6/8
  5266 | D:5      | Entered Level 5 of the Dungeon
  5293 | D:5      | Noticed Prince Ribbit
  5371 | D:5      | Noticed Menkaure
  5379 | D:5      | HP: 2/52 [Menkaure (17)]
  5381 | D:5      | Banished Menkaure
  5473 | D:5      | Banished Prince Ribbit
  5473 | D:5      | Reached XP level 8. HP: 7/58 MP: 5/11
  5790 | D:5      | Reached skill level 8 in Maces & Flails
  5818 | D:5      | Acquired Lugonu's fourth power
  5818 | D:5      | Reached skill level 5 in Invocations
  5891 | D:5      | Learned a level 1 spell: Summon Butterflies
  6126 | D:5      | Found Dir Ypt's Antique Weapon Shoppe.
  6430 | D:6      | Found a snail-covered altar of Cheibriados.
  6430 | D:6      | Found a glowing silver altar of Zin.
  6924 | D:6      | Reached skill level 1 in Shields
  7214 | D:7      | Found a staircase to the Ecumenical Temple.
  7297 | D:7      | Reached XP level 9. HP: 58/64 MP: 13/13
  7427 | D:7      | Reached skill level 9 in Maces & Flails
  8018 | D:8      | Noticed Psyche
  8020 | D:8      | Banished Psyche
  8473 | D:8      | Reached skill level 10 in Maces & Flails
  8477 | D:8      | Acquired Lugonu's fifth power
  8874 | D:9      | Found a staircase to the Lair.
  8874 | D:9      | Noticed a fire drake
  8890 | D:9      | Killed a fire drake
  8890 | D:9      | Reached XP level 10. HP: 43/71 MP: 15/15
  8986 | D:9      | Reached skill level 5 in Armour
  9010 | D:9      | Reached skill level 11 in Maces & Flails
  9249 | D:9      | Found Lonics's Book Shop.
  9789 | D:9      | Noticed Maurice
  9954 | D:9      | Killed Maurice
  9978 | D:9      | Reached skill level 1 in Dodging
 10011 | Lair:1   | Entered Level 1 of the Lair of Beasts
 10273 | Lair:1   | Noticed a four-headed hydra
 10276 | Lair:1   | Banished a four-headed hydra
 10276 | Lair:1   | Reached XP level 11. HP: 65/77 MP: 11/17
 10375 | Lair:1   | Reached skill level 12 in Maces & Flails
 10663 | Lair:1   | Noticed Gastronok
 11210 | Lair:1   | Banished Gastronok
 11210 | Lair:1   | Reached skill level 10 in Invocations
 12580 | Lair:1   | Reached skill level 5 in Fighting
 13708 | Lair:2   | Reached XP level 12. HP: 27/88 MP: 20/20
 14511 | Lair:3   | Noticed Urug
 14512 | Lair:3   | Banished Urug
 14549 | Lair:3   | Noticed Sonja
 14861 | Lair:3   | Reached skill level 5 in Shields
 15032 | Lair:3   | Banished Sonja
 15090 | Lair:3   | Reached skill level 13 in Maces & Flails
 15642 | Lair:3   | Reached skill level 5 in Dodging
 15827 | Lair:3   | Noticed Snorg
 15828 | Lair:3   | Banished Snorg
 16069 | Lair:3   | Found a staircase to the Swamp.
 16166 | Lair:3   | Found a staircase to the Shoals.
 16988 | Lair:3   | Noticed a seven-headed hydra
 17008 | Lair:4   | Reached skill level 14 in Maces & Flails
 17670 | Lair:4   | Reached XP level 13. HP: 92/96 MP: 21/21
 18358 | Lair:4   | Found a hole to the Spider Nest.
 20003 | Lair:1   | Reached skill level 15 in Maces & Flails
 20205 | D:5      | Bought a shimmering lajatang for 540 gold pieces
 20205 | D:5      | Identified the cursed +1 lajatang "Jaeph" {freeze, rPois} (You bought it in a shop on level 5 of the Dungeon)
 21026 | Lair:5   | Noticed Kirke
 21084 | Lair:5   | You fall through a shaft!
 21105 | Lair:6   | HP: 2/96 [elephant (20)]
 21109 | Lair:6   | Killed by a spatial distortion

Vault maps used:
D:1:      erik_arrival_gehennom
D:2:      lemuel_crystal_altar, serial_forest, infiniplex_forest_clump_large,
          infiniplex_forest_clump_tiny, infiniplex_forest_straight_2,
          infiniplex_forest_end_3, infiniplex_forest_clump_cross,
          infiniplex_forest_lined_2, infiniplex_forest_end_1
D:3:      uniq_crazy_yiuf_cottage
D:4:      fountainhead, kennysheep_generic_room_8, uniq_robin
D:5:      serial_shops, nicolae_shop_stone, first_bread, uniq_prince_ribbit1,
          uniq_menkaure
D:6:      grunt_temple_overflow_open
D:7:      temple_pool_a
D:8:      grunt_pizzeria, hangedman_decor_slide_cut, uniq_psyche
D:9:      minmay_lair_entry_lava, serial_shops, kennysheep_little_box,
          uniq_maurice
Lair:1:   special_room, portal_ice_cave_entry_pillars_03,
          hangedman_lair_unloving_vines, uniq_gastronok
Lair:3:   minmay_swamp_entry_reptiles, shoals_dummy_entry, grunt_megastairs_3,
          lemuel_fruit_tree, uniq_urug, uniq_sonja, uniq_snorg
Lair:4:   spider_nest_entry_funnel_web, patterned_corridor,
          serial_bayou_shore_a, grunt_megastairs_2
Lair:5:   st_stairs_3, infiniplex_staircase_pool_2, grunt_megastairs_4,
          uniq_kirke
Lair:6:   minmay_lair_venomous_thicket, slime_altar_1, lab_entry_generic

Action                   |  1- 3 |  4- 6 |  7- 9 | 10-12 | 13-15 || total
-------------------------+-------+-------+-------+-------+-------++-------
Melee: Mace              |   108 |     4 |       |       |       ||   112
       Whip              |       |    38 |       |       |       ||    38
       Flail             |       |   232 |    38 |       |       ||   270
       Morningstar       |       |       |   507 |   969 |   489 ||  1965
       Unarmed           |       |       |       |       |     6 ||     6
Throw: Stone             |     2 |    10 |     4 |       |       ||    16
       Tomahawk          |       |       |       |     3 |       ||     3
       Javelin           |       |       |       |    10 |       ||    10
Invok: Depart the Abyss  |     1 |       |       |       |       ||     1
       Banish            |       |       |     3 |    21 |     3 ||    27
 Abil: Dig               |       |       |       |     7 |     7 ||    14
       Shaft Self        |       |       |       |       |     1 ||     1
Evoke: Wand              |       |       |       |     6 |       ||     6
  Use: Scroll            |       |     5 |     8 |     5 |     1 ||    19
       Potion            |       |     2 |     2 |     1 |     3 ||     8
 Stab: Paralysed         |       |       |       |    11 |       ||    11
  Eat: Chunk             |       |    11 |    15 |    19 |     9 ||    54
       Fruit             |       |       |     2 |     9 |       ||    11
       Pizza             |       |       |       |     5 |     2 ||     7
       Beef jerky        |       |       |       |     1 |     1 ||     2
